[Event "*** Titled Tuesday 3|2 Blitz"]
[Site "Chess.com"]
[Date "2017.05.02"]
[Round "4"]
[White "IMVoja"]
[Black "rubhani"]
[Result "1-0"]
[WhiteElo "2340"]
[BlackElo "2382"]
[TimeControl "180+2"]
[EndTime "13:52:03 PDT"]
[Termination "IMVoja won by resignation"]

1. Nf3 g6 2. d4 Bg7 3. Bg5 Nf6 4.
Bxf6 Bxf6 5. e4 O-O 6. c3 c5 7.
dxc5 Qa5 8. Bc4 Qxc5 9. Qe2 Nc6 10. O-O d6 11. h3 Bd7 12. Nbd2 Rab8 13. a4 a6 14. Nb3 Qh5 15. Rad1 Rfc8 16. Rfe1 Qh6 17. a5 Qf8 18. Bd5 Ne5 19. Nxe5 Bxe5 20. Nd4 Qd8 21.
Ra1 e6 22. Bb3 Rc5 23. Nf3 Rxa5 24. Nxe5 Rxa1 25. Rxa1 dxe5 26. Rd1 Qc7 27. Qd2 Bc6 28. Bc2 Kg7 29. b4 a5 30. Qe3 axb4 31. cxb4 Rd8 32. Rxd8 Qxd8 33. h4 Qd4 34. Qxd4 exd4 35. e5 f6 36. f4 f5 37. g3 Bd5 38. Kf2 Bc4 39.
Bd1 h6 40. Bf3 b6 41. Bc6 g5 42. hxg5 hxg5 43. Be8 gxf4 44. gxf4 Kf8 45. Bc6 Ke7 46. Ba4 Kd8 47. Bc6 Kc7 48. Be8 Bd5 49. Ke2 Bc4+ 50.
Kd2 Kd8 51. Bc6 Ke7 52. Ke1 Kf7 53. Kf2 Kg6 54. Kg3 Kh5 55. Be8+ Kh6 56. Bc6 Kg7 57. Kf3 Kf7 58. Kf2 Ke7 59. Ba4 Bd3 60. Bc6 Be4 61. Bb5 Kd8 62. Ke2 Kc7 63. Kd2 Bb1 64. Bc4 Kd7 65.
Bb5+ Ke7 66. Bc4 Be4 67. Bb5 Kf7 68. Bd7 Bb1 69. Bc8 Be4 70. Bd7 Ke7 71. Bb5 Kd8 72. Ke2 Kc7 73. Kd2 Bc6 74. Bc4 Kd7 75. Kd3 Be4+ 76. Kxd4 Bc6 77. Bd3 Bd5 78. Bxf5 Kc6 79. Be4 1-0

[Event "*** Titled Tuesday 3|2 Blitz"]
[Site "Chess.com"]
[Date "2017.05.02"]
[Round "4"]
[White "Storne89"]
[Black "SerGo055"]
[Result "0-1"]
[WhiteElo "2499"]
[BlackElo "2401"]
[TimeControl "180+2"]
[EndTime "13:52:08 PDT"]
[Termination "SerGo055 won by resignation"]

1. e4 d5 2. exd5 Nf6 3. Bb5+ Bd7 4. Be2 Nxd5 5. d4 c5 6. c4 Nf6 7. d5 e6 8. Nc3 exd5 9. cxd5 Bd6 10. Nf3 h6 11. O-O O-O 12. Nd2 Qc7 13. h3 a6 14.
a4 Bf5 15. Nc4 Nbd7 16. Be3 Rfe8 17. Qb3 Rab8 18. a5 Ne5 19. Nxd6 Qxd6 20. Qb6 Qxb6 21.
axb6 Ned7 22. Na4 Nxd5 23. Bf3 Nxe3 24. fxe3 Bc2 25. Nc3 Nxb6 26. e4 Bd3 27. Rfe1 Nd7 28. Be2 Bxe4 29. Bxa6 bxa6 30. Nxe4 Rb4 31. Nd6 Rxe1+ 32.
Rxe1 Rxb2 33. Re7 Nf6 34. Nxf7 c4 35. Rc7 c3 36. Ne5 c2 37. Nd3 Rb1+ 38. Kf2 Ne4+ 39. Ke3 Nd6 40. Rxc2 Rb7 41. g4 a5 42. Rc6 Nf7 43. Ra6 Rb5 44. Ra7 Ng5 45. h4 Ne6 46.
Re7 Nf8 47. Ra7 Ng6 48. h5 Ne5 49. Nxe5 Rxe5+ 50. Kf4 Rb5 51. Ke4 Kh7 52. Kf4 Kg8 53. Ke4 Rg5 54. Kf4 Kf8 55. Kf3 Ke8 56. Kf4 Kd8 57.
Kf3 Kc8 58. Kf4 Kb8 59. Re7 a4 60. Kf3 a3 61. Re2 Ra5 62. Ra2 Kc7 63. Kf4 Kd6 64. Ke4 Ke6 65. Kf4 Ra4+ 66. Kg3 Ke5 67. Kh4 Kd4 0-1

[Event "*** Titled Tuesday 3|2 Blitz"]
[Site "Chess.com"]
[Date "2017.05.02"]
[Round "4"]
[White "hypert"]
[Black "chessking2151"]
[Result "0-1"]
[WhiteElo "2267"]
[BlackElo "2360"]
[TimeControl "180+2"]
[EndTime "13:52:18 PDT"]
[Termination "chessking2151 won by resignation"]

1. e4 c5 2. Nf3 d6 3. Bb5+ Bd7 4.
Bxd7+ Nxd7 5. O-O g6 6. c3 Bg7 7. d4 Ngf6 8. Qe2 O-O 9. e5 Nd5 10. e6 N7b6 11. exf7+ Rxf7 12. Ng5 Rf6 13. Ne6 Qd7 14.
Nxg7 Kxg7 15. dxc5 dxc5 16. Na3 Qe6 17. Re1 Qxe2 18.
Rxe2 Kf7 19. c4 Nf4 20. Bxf4 Rxf4 21. b3 Rd8 22. Rae1 Rd7 23. Nc2 Nc8 24. g3 Rf6 25. Ne3 Rfd6 26. Ng4 Kf8 27. Ne5 Rd8 28. Re4 Rd4 29.
Kg2 Kg7 30. R4e2 Rd2 31. Nf3 Rxe2 32. Rxe2 h6 33. h4 Rd3 34. Ne5 Rd1 35. f4 Nd6 36. g4 h5 37. gxh5 gxh5 38. Kf3 Rg1 39. Nd7 Nf5 40.
Re5 Nxh4+ 41. Kf2 Rg2+ 42. Ke3 Rg3+ 43. Ke4 Kg6 44. Nxc5 b6 45. Nd7 Nf3 46. Rxe7 Nd2+ 47. Kd5 h4 48. Ne5+ Kh6 49. Nf7+ Kh5 50. Ng5 Kg4 51.
Rg7 Kxf4 52. Ne6+ Kf3 53. Nd4+ Kf2 54. Rf7+ Kg2 55. Rxa7 Rg5+ 56. Ke6 h3 57. Rh7 Ne4 58. Ne2 Nc5+ 59. Kd6 Rg4 60. Ke5 h2 61. Nf4+ Kg1 62. Rxh2 Kxh2 63. Nd5 Rg5+ 64. Kd6 Rg6+ 65. Kc7 Kg3 66.
Nxb6 Na6+ 67. Kb7 Nb4 68. c5 Rg7+ 69. Kc8 Na6 70. c6 Rc7+ 71. Kd8 Rxc6 72. Nc4 Rc5 73. Kd7 Nb4 74. Kd6 Rd5+ 75. Kc7 Nxa2 76. Kb6 Nc1 77. Kc6 Rh5 78. b4 Na2 79. b5 Nb4+ 80.
Kb6 Kf4 81. Nd6 Rd5 82. Kc7 Rc5+ 83. Kd7 Nd5 84. Kd8 Nb6 85. Ke7 Rc7+ 86. Ke6 Ke3 87.
Ke5 Rc5+ 88. Ke6 Kd4 89. Nf5+ Kc4 90. Nd6+ Kb4 0-1

[Event "*** Titled Tuesday 3|2 Blitz"]
[Site "Chess.com"]
[Date "2017.05.02"]
[Round "4"]
[White "GamayevOleg"]
[Black "ChristopherYoo"]
[Result "1-0"]
[WhiteElo "2418"]
[BlackElo "2237"]
[TimeControl "180+2"]
[EndTime "13:52:44 PDT"]
[Termination "GamayevOleg won by checkmate"]

1. d3 e5 2. e4 Nc6 3. Nf3 Nf6 4. Be2 d5 5. exd5 Nxd5 6. O-O Be6 7. Re1 Be7 8. c3 O-O 9. Bf1 Bf6 10. Nbd2 Bf5 11.
Nc4 Re8 12. Ne3 Nxe3 13. Bxe3 Qd7 14. Bg5 Bxg5 15. Nxg5 Rad8 16. Ne4 Qd5 17. Qb3 Qxb3 18. axb3 Rd5 19. b4 Red8 20. Be2 a6 21. Nc5 b6 22. Nxa6 Bxd3 23. Bxd3 Rxd3 24. Nxc7 Rd2 25. Rab1 R8d7 26. Nb5 f5 27. Na3 e4 28. Nc4 Rc2 29.
Ne3 Rcd2 30. Nxf5 Rf7 31. Ne3 Rfxf2 32. Rbd1 Rxb2 33. Rd6 Ne5 34. Re6 Nd3 35. Ra1 Nf4 36. Rxe4 Nxg2 37. Ra8+ Kf7 38. Ra7+ Kg6 39. Rg4+ Kh5 40.
Rxg2 Rxg2+ 41. Nxg2 g5 42. Rxh7+ Kg4 43. Re7 Rb1+ 44.
Re1 Rb3 45. Re3 Rb1+ 46. Kf2 Rb2+ 47. Re2 Rb3 48. Rc2 Kf5 49. Ne1 Ke4 50. Ke2 b5 51. Nf3 g4 52. Nd2+ Kd5 53. Nxb3 Kc4 54. Nd4 g3 55.
hxg3 Kd5 56. Nxb5 Kc4 57. Nd4 Kd5 58. Kd3 Ke5 59. Re2+ Kd5 60. Re5+ Kxe5 61. g4 Kf4 62.
b5 Ke5 63. b6 Kd6 64. g5 Ke7 65. g6 Kf6 66. b7 Kg7 67. b8=B Kxg6 68. Bd6 Kf7 69.
Ba3 Ke8 70. Bc1 Kd7 71. c4 Kc8 72. c5 Kb7 73. c6+ Kb6 74. Nc2 Kxc6 75. Bb2 Kd5 76. Bd4 Kd6 77. Ke4 Kc6 78. Ke5 Kc7 79. Kd5 Kd7 80. Be5 Ke7 81. Nd4 Kd7 82. Ke4 Kc8 83.
Kf5 Kb7 84. Bd6 Ka8 85. Ke6 Kb7 86. Kd7 Ka7 87. Kc6 Ka8 88. Bc7 Ka7 89. Ne6 Ka8 90. Nc5 Ka7 91. Nd7 Ka8 92. Nb6+ Ka7 93. Bd6 Ka6 94. Bb8 Ka5 95. Nd5 Ka6 96. Nb4+ Ka5 97. Kc5 Ka4 98. Kc4 Ka5 99. Ba7 Ka4 100. Bb6 Ka3 101. Nd3 Ka4 102. Nb2+ Ka3 103. Kc3 Ka2 104. Kc2 Ka3 105. Bc5+ Ka2 106. Nd3 Ka1 107. Bd6 Ka2 108.
Nc1+ Ka1 109. Be5# 1-0

[Event "*** Titled Tuesday 3|2 Blitz"]
[Site "Chess.com"]
[Date "2017.05.02"]
[Round "4"]
[White "JSMastropiero"]
[Black "metalbattler"]
[Result "1-0"]
[WhiteElo "2215"]
[BlackElo "2026"]
[TimeControl "180+2"]
[EndTime "13:52:51 PDT"]
[Termination "JSMastropiero won by resignation"]

1. d4 d5 2. c4 c6 3. Nf3 Nf6 4.
e3 Bg4 5. Nbd2 Nbd7 6. Qc2 e6 7. b3 Bd6 8. Bb2 O-O 9. Bd3 Bh5 10. Ng5 Bg6 11.
e4 dxe4 12. Ngxe4 Nxe4 13. Nxe4 Bb4+ 14. Bc3 Bxc3+ 15. Qxc3 Nf6 16. Nxf6+ Qxf6 17. O-O Rfd8 18. Bxg6 hxg6 19. Rad1 Rd7 20. Rd3 Rad8 21. Rfd1 c5 22.
Qa5 Rxd4 23. Rxd4 Rxd4 24. Rxd4 Qxd4 25. g3 a6 26. Qb6 Qa1+ 27. Kg2 Qxa2 28. Qxb7 a5 29.
Qb5 Qa3 30. h4 Kh7 31. Qb7 f5 32. Qb6 Qb4 33. Qxe6 Qxb3 34. h5 gxh5 35. Qxf5+ Kh6 36. Qxc5 a4 37. Qd6+ Kg5 38. c5 a3 39. c6 a2 40.
Qe5+ Kg6 41. c7 Qb7+ 42. Kh2 Qa8 43. Qe6+ Kh7 44. Qf5+ Kh6 45. c8=Q Qxc8 46. Qxc8 a1=Q 47. Qh8+ Kg6 48. Qe8+ Kh6 49. Qe6+ Kh7 50. Qf5+ Kh6 51. Qe6+ Kh7 52. Qe4+ Kh6 53. Qc6+ Kh7 54. Qe4+ Kh6 55.
f4 Qb2+ 56. Kh3 Qc3 57. Qe6+ Kh7 58. Qf5+ Kh6 59. Qg5+ Kh7 60. Qxh5+ Kg8 61. Qe8+ Kh7 62. Qh5+ Kg8 63. Qd5+ Kh7 64. Kg4 Qe3 65. Qf5+ Kg8 66. Qd5+ Kh7 67. Qh5+ Kg8 68. Kh4 Qe1 69. Qd5+ Kh7 70. Kg4 Qe2+ 71. Kg5 Qe7+ 72. Kf5 Qf6+ 73. Ke4 Qg6+ 74. Qf5 Kh6 75. Qxg6+ Kxg6 76. g4 Kf6 77. Kd5 Kg6 78. Ke6 Kh6 79. Kf7 Kh7 80. g5 Kh8 81. f5 Kh7 82. f6 gxf6 83. gxf6 Kh8 84. Ke7 1-0

[Event "*** Titled Tuesday 3|2 Blitz"]
[Site "Chess.com"]
[Date "2017.05.02"]
[Round "4"]
[White "Rodalquilar"]
[Black "eldur16"]
[Result "1/2-1/2"]
[WhiteElo "2538"]
[BlackElo "2455"]
[TimeControl "180+2"]
[EndTime "13:55:35 PDT"]
[Termination "Game drawn by repetition"]

1. d4 Nf6 2. Bf4 g6 3. e3 Bg7 4.
Nf3 O-O 5. Be2 d6 6. O-O c5 7. c3 b6 8. h3 Bb7 9. Nbd2 Nbd7 10. a4 a6 11. Re1 Qc7 12. Bh2 Rfe8 13. Qb3 Bc6 14.
Bc4 e6 15. e4 Qb7 16. Ng5 b5 17. axb5 axb5 18. Rxa8 Qxa8 19. Bxb5 Rb8 20. Bxc6 Qxc6 21.
Qa2 cxd4 22. cxd4 Qc2 23. Ngf3 Rxb2 24. Qa8+ Rb8 25. Qa7 e5 26. dxe5 dxe5 27. Bxe5 Re8 28. Ba1 Nc5 29. e5 Nfd7 30. Qc7 Qa4 31. Bd4 Ne6 32.
Qa7 Qc6 33. Ba1 Ndc5 34. Rc1 Ra8 35. Qe7 Bf8 36. Qh4 Ra2 37. Qc4 Qa8 38. Bd4 Nf4 39. Be3 Ncd3 40. Rf1 Ra4 41. Qc7 Ne6 42. Qc2 Qa6 43. Rd1 Ndf4 44. Nb3 Ra2 45. Qc1 Qe2 46. Re1 Nxh3+ 47. Kh2 Qd3 48. gxh3 Qxb3 49. Nd4 Nxd4 50. Bxd4 Qd5 51. Qf4 Bh6 52. Qe4 Qc4 53. e6 fxe6 54. Qxe6+ Qxe6 55. Rxe6 Bg7 56. Be3 Kf7 57. Rb6 Be5+ 58.
Kg2 h5 59. Rb5 Ke6 60. Rb6+ Kf7 61. Kf3 Bf6 62. Rb7+ Ke6 63. Rb6+ Kf5 64. Rb5+ Ke6 65. Ke4 Ra4+ 66. Kf3 Ra3 67. Rb6+ Kf5 68. Rb5+ Ke6 69. Kg2 Ra4 70. Rb8 Ra2 71. Kf3 Ra4 72. Rg8 Kf5 73. Rc8 Ra3 74. Kg2 Ke6 75. Rc6+ Kf5 76. Bc5 Rb3 77.
Be3 Ra3 78. Rc8 Rb3 79. Rf8 Ke6 80. Re8+ Kf5 81. Ra8 Rd3 82. Kf3 Rb3 83. Ra5+ Ke6 84. Rc5 Ra3 85. Kg2 Rb3 86. Ra5 Rd3 87. Kf1 Rb3 88. Ke2 Rb2+ 89. Kf3 Rb3 90. Kg2 Rd3 91. Ra4 Rb3 92. Kf1 Rb1+ 93. Ke2 Rb3 94. Kd2 Rb5 95. Ke2 Rb2+ 96. Kf3 Rb3 97. Ra6+ Kf5 98. Ra5+ Ke6 99. Kg2 Rb4 100. Ra6+ Kf5 101. Bd2 Rb3 102. Ra5+ Ke6 103.
Be3 Rd3 104. Ra4 Kf5 105. Rf4+ Ke6 106. Re4+ Kf5 107. Rf4+ Ke6 108. Ra4 Rb3 109. h4 Kf5 110. Kf3 Rb5 111. Rf4+ Ke6 112. Re4+ Kf5 113. Rf4+ Ke6 114. Ra4 Kf5 115. Rf4+ Ke6 116. Ra4 Kf5 117. Rc4 Ke6 118. Rc6+ Kf5 119. Rc4 Ra5 120. Rf4+ Ke6 121. Re4+ Kf5 122. Rf4+ Ke6 123. Rb4 Kf5 124. Rf4+ Ke6 125. Re4+ Kf5 126. Rf4+ Ke6 127. Re4+ Kf5 128. Rf4+ 1/2-1/2

[Event "*** Titled Tuesday 3|2 Blitz"]
[Site "Chess.com"]
[Date "2017.05.02"]
[Round "5"]
[White "Bryakin_Mikhail"]
[Black "IMVoja"]
[Result "0-1"]
[WhiteElo "2529"]
[BlackElo "2352"]
[TimeControl "180+2"]
[EndTime "13:58:44 PDT"]
[Termination "IMVoja won by resignation"]

1. d4 e6 2. c4 f5 3. Nc3 Nf6 4.
Nf3 Be7 5. Bf4 b6 6. e3 Bb7 7. Bd3 O-O 8. Qc2 Nc6 9. a3 a5 10. h3 h6 11. Bh2 d5 12. O-O Ne4 13. Nd2 Bd6 14. Bxd6 Qxd6 15. cxd5 exd5 16. Nxd5 Nxd2 17.
Qxd2 Qxd5 18. Qe2 Nxd4 0-1

[Event "*** Titled Tuesday 3|2 Blitz"]
[Site "Chess.com"]
[Date "2017.05.02"]
[Round "5"]
[White "GrigorGrigorov"]
[Black "matiss90"]
[Result "1-0"]
[WhiteElo "2507"]
[BlackElo "2347"]
[TimeControl "180+2"]
[EndTime "14:00:15 PDT"]
[Termination "GrigorGrigorov won by resignation"]

1. d4 Nf6 2. Nf3 g6 3. Bg5 Bg7 4. c3 O-O 5. Nbd2 d6 6. e4 Nbd7 7. Be2 h6 8. Bh4 e5 9. dxe5 dxe5 10. O-O Qe8 11. Qc2 Nh5 12. Rfe1 Nf4 13. Bf1 Nc5 14. Nc4 Bg4 15. Nfd2 g5 16. Bg3 Rd8 17. Ne3 Be6 18. Nf5 Bxf5 19. exf5 Qd7 20. Red1 e4 21. b4 Ncd3 22.
f6 Bxf6 23. Nxe4 1-0

[Event "*** Titled Tuesday 3|2 Blitz"]
[Site "Chess.com"]
[Date "2017.05.02"]
[Round "5"]
[White "pKiLz5Rn9b"]
[Black "Abrito99"]
[Result "1-0"]
[WhiteElo "2458"]
[BlackElo "2285"]
[TimeControl "180+2"]
[EndTime "14:00:18 PDT"]
[Termination "pKiLz5Rn9b won by resignation"]

1. d4 Nf6 2. Nf3 b6 3. g3 Bb7 4. Bg2 e6 5. O-O Be7 6. c4 O-O 7. Nc3 Ne4 8. Nxe4 Bxe4 9. Ne1 Bxg2 10. Nxg2 c5 11. d5 exd5 12. Qxd5 Nc6 13. Rd1 Nd4 14. e3 Nc2 15. Rb1 Nb4 16. Qf5 Nxa2 17. Rxd7 Qc8 18.
e4 Bf6 19. Bf4 g6 20. Qxf6 1-0

[Event "*** Titled Tuesday 3|2 Blitz"]
[Site "Chess.com"]
[Date "2017.05.02"]
[Round "5"]
[White "saraswathii"]
[Black "ehrenfeld"]
[Result "0-1"]
[WhiteElo "2218"]
[BlackElo "2404"]
[TimeControl "180+2"]
[EndTime "14:00:30 PDT"]
[Termination "ehrenfeld won by resignation"]

1. e4 d6 2. d3 g6 3. Nf3 Bg7 4. g3 e5 5. Bg2 Nc6 6. O-O f5 7. Nc3 Nf6 8. exf5 Bxf5 9. Be3 O-O 10. Re1 Qd7 11. Qd2 Bh3 12. d4 Bxg2 13. Kxg2 e4 14. Ng1 d5 15. Nce2 Rf7 16. b3 Raf8 17. h3 Ne7 18. c4 c6 19. cxd5 cxd5 20. Rac1 Nf5 21. Bf4 e3 22. fxe3 Ne4 23. Qd3 g5 24. Be5 Bxe5 25.
dxe5 Nfxg3 0-1

[Event "*** Titled Tuesday 3|2 Blitz"]
[Site "Chess.com"]
[Date "2017.05.02"]
[Round "5"]
[White "MagnusCarlsen"]
[Black "bancsoo"]
[Result "1-0"]
[WhiteElo "2982"]
[BlackElo "2596"]
[TimeControl "180+2"]
[EndTime "14:01:08 PDT"]
[Termination "MagnusCarlsen won by resignation"]

1. e4 e5 2. Nf3 Nc6 3. Bc4 Bc5 4. O-O Nf6 5. d3 O-O 6. h3 a6 7. c3 Ba7 8. a4 h6 9. Re1 d6 10. Na3 Ne7 11. Nc2 Ng6 12. Be3 c6 13. Bxa7 Rxa7 14.
d4 a5 15. dxe5 dxe5 16. Qxd8 Rxd8 17. Rad1 Bd7 18. Ne3 Raa8 19. Nf5 Ne8 20. Rd2 Be6 21. Bxe6 fxe6 22. Ne3 Nd6 23. Red1 Nf7 24. Rxd8+ Rxd8 25. Rxd8+ Nxd8 26. Nc4 b5 27. axb5 cxb5 28. Nxa5 Kf7 29. g3 Ke7 30. Ne1 Kd6 31. Nd3 Ne7 32. Kf1 Nc8 33.
c4 1-0

[Event "*** Titled Tuesday 3|2 Blitz"]
[Site "Chess.com"]
[Date "2017.05.02"]
[Round "5"]
[White "Larax"]
[Black "Sinquefield"]
[Result "0-1"]
[WhiteElo "1981"]
[BlackElo "2193"]
[TimeControl "180+2"]
[EndTime "14:01:50 PDT"]
[Termination "Sinquefield won by resignation"]

1. e4 d6 2. d4 Nf6 3. Nc3 Nbd7 4.
f4 e5 5. Nf3 exd4 6. Nxd4 g6 7.
Bc4 Bg7 8. O-O O-O 9. Qf3 Re8 10. Be3 Nc5 11. Bd3 Ng4 12. Nb3 Nxe3 13. Qxe3 Nxb3 14. axb3 a6 15. Qf3 Bd7 16. Rab1 Bc6 17. Nd5 Bxd5 18. exd5 Qf6 19. g3 Qd4+ 20. Kg2 Re3 21. Qf2 Rae8 22. Rbe1 Qxd5+ 23. Kg1 Bd4 24. Bc4 Rxe1 25. Bxd5 Bxf2+ 26. Kxf2 R8e2+ 27. Kg1 Rxf1+ 28. Kxf1 Rxc2 29. Bxb7 Rxb2 30. Bxa6 Rxb3 31. Kg2 Rb2+ 32. Kf3 Rxh2 33. Ke4 Rc2 34. Kd5 Rc5+ 35. Kd4 Kg7 36. Bd3 f5 37. Bc4 Kf6 38. Bd5 h6 39. Bg8 g5 40. Bh7 gxf4 41. gxf4 Ra5 42. Bg8 h5 43. Bd5 h4 44. Bg2 Ra4+ 45. Kd5 Rxf4 46. Kc6 Rc4+ 47. Kd7 Rc3 48. Bf1 0-1

[Event "*** Titled Tuesday 3|2 Blitz"]
[Site "Chess.com"]
[Date "2017.05.02"]
[Round "5"]
[White "joppie2"]
[Black "pedromartinez91"]
[Result "1-0"]
[WhiteElo "2524"]
[BlackElo "2306"]
[TimeControl "180+2"]
[EndTime "14:02:01 PDT"]
[Termination "joppie2 won by resignation"]

1. d4 d5 2. Bf4 Nc6 3. Nf3 Bg4 4.
Nc3 e6 5. e4 dxe4 6. Nxe4 Bxf3 7.
Qxf3 Nxd4 8. Qd3 Nc6 9. O-O-O Qxd3 10. Bxd3 O-O-O 11. a3 e5 12. Be3 f6 13. Bc4 Bd6 14. Be6+ Kb8 15. c4 Nd4 16. Bxd4 exd4 17. Kb1 c5 18. b4 b6 19. bxc5 Bxc5 20. Nxc5 bxc5 21. Kc2 Ne7 22. Rhe1 Kc7 23. f4 Ng6 24. g3 Rhe8 25. Bd5 Ne7 26. Bf7 Kd7 27. Rb1 d3+ 28. Kd2 Rf8 29.
Rb7+ 1-0

[Event "*** Titled Tuesday 3|2 Blitz"]
[Site "Chess.com"]
[Date "2017.05.02"]
[Round "5"]
[White "Enzy63"]
[Black "Rating-Schmating"]
[Result "0-1"]
[WhiteElo "2030"]
[BlackElo "2203"]
[TimeControl "180+2"]
[EndTime "14:02:06 PDT"]
[Termination "Rating-Schmating won on time"]

1. d4 Nf6 2. Nf3 d5 3. c4 Bf5 4. Nc3 e6 5. g3 Nc6 6. Nh4 Be4 7.
f3 Bg6 8. Nxg6 hxg6 9. cxd5 Nxd5 10. e4 Nf6 11. Be3 Bb4 12. Bg2 Ba5 13. Qa4 Bb6 14. Rd1 O-O 15. Bf2 Qe7 16. O-O Rfd8 17. h3 Rd7 18. f4 Rad8 19. e5 Nh5 20. d5 Bxf2+ 21. Rxf2 exd5 22. Nxd5 Qc5 23. Qc2 Qxc2 24. Rxc2 Nxg3 25. b4 Nxb4 26. Rcd2 Nxd5 27. Bxd5 Kh7 28. Kg2 Nf5 0-1

[Event "*** Titled Tuesday 3|2 Blitz"]
[Site "Chess.com"]
[Date "2017.05.02"]
[Round "5"]
[White "WeiYi1999"]
[Black "Wolverine_master"]
[Result "1-0"]
[WhiteElo "2072"]
[BlackElo "1945"]
[TimeControl "180+2"]
[EndTime "14:02:08 PDT"]
[Termination "WeiYi1999 won on time"]

1. e4 d5 2. exd5 Qxd5 3. Nc3 Qd6 4. d4 Nf6 5. Nf3 a6 6. Bc4 Nc6 7. d5 Ne5 8. Bb3 Bg4 9. O-O O-O-O 10. Nxe5 Bxd1 11.
Nxf7 Qb4 12. Rxd1 e6 13. Nxd8 Kxd8 14. dxe6+ Bd6 15. Be3 Qh4 16. e7+ 1-0

[Event "*** Titled Tuesday 3|2 Blitz"]
[Site "Chess.com"]
[Date "2017.05.02"]
[Round "5"]
[White "pawnwonder"]
[Black "cailinchetty"]
[Result "0-1"]
[WhiteElo "1829"]
[BlackElo "1934"]
[TimeControl "180+2"]
[EndTime "14:02:11 PDT"]
[Termination "cailinchetty won by resignation"]

1. e4 c5 2. Nf3 g6 3. d4 cxd4 4.
Nxd4 Bg7 5. c4 Nc6 6. Be3 d6 7. Nc3 Nf6 8. Be2 O-O 9. O-O a6 10. Qd2 Nxd4 11. Bxd4 Nd7 12. Be3 b6 13. Rac1 Bb7 14. b3 Nc5 15. f3 Rb8 16. Rfd1 Bc6 17. Nd5 Bxd5 18. exd5 b5 19. cxb5 axb5 20. Bxc5 dxc5 21.
Rxc5 Qb6 22. b4 Rfc8 23. Rc1 Be5 24. Kh1 Rxc5 25. bxc5 Qa7 26. f4 Bc7 27. Bf3 Ba5 28. Qc2 Rc8 29. Qf2 Qb8 30. Bg4 Rc7 31. Re1 Bxe1 32.
Qxe1 Rxc5 33. h3 Qxf4 34. Qd1 Qd6 35. Bf3 Qc7 36. Qe2 Rc1+ 0-1

[Event "*** Titled Tuesday 3|2 Blitz"]
[Site "Chess.com"]
[Date "2017.05.02"]
[Round "5"]
[White "eldur16"]
[Black "Aygehovit1992"]
[Result "0-1"]
[WhiteElo "2448"]
[BlackElo "2517"]
[TimeControl "180+2"]
[EndTime "14:02:12 PDT"]
[Termination "Aygehovit1992 won by resignation"]

1. d4 d6 2. e4 g6 3. Nc3 Nf6 4. Nf3 Bg7 5. Be2 O-O 6. O-O Nc6 7.
d5 Nb8 8. h3 e5 9. Bg5 h6 10.
Be3 Nbd7 11. a4 Nc5 12. Nd2 a5 13. Re1 Ne8 14. Nb3 Nxb3 15. cxb3 f5 16. f3 f4 17. Bf2 Bf6 18. Qd2 Bh4 19. Bf1 Bxf2+ 20. Qxf2 Rf7 21. Rac1 Rg7 22. Nb5 g5 23. Rc3 h5 24.
Be2 Bd7 25. Rec1 c6 26. dxc6 bxc6 27. Na7 g4 28. fxg4 hxg4 29. Nxc6 Bxc6 30. Rxc6 gxh3 31. Bf1 hxg2 32. Bc4+ Kf8 33. Be6 Qf6 34. Bf5 Qh6 0-1

[Event "*** Titled Tuesday 3|2 Blitz"]
[Site "Chess.com"]
[Date "2017.05.02"]
[Round "5"]
[White "djano"]
[Black "TheNextLevelFan"]
[Result "0-1"]
[WhiteElo "2368"]
[BlackElo "2396"]
[TimeControl "180+2"]
[EndTime "14:02:14 PDT"]
[Termination "TheNextLevelFan won by resignation"]

1. d4 Nf6 2. Bf4 d5 3. e3 c6 4. c4 g6 5. Nc3 Bg7 6. Nf3 O-O 7. Be2 dxc4 8. Bxc4 Nbd7 9. O-O Nb6 10. Bb3 a5 11. Rc1 Bf5 12. Re1 Ne4 13.
h3 Nxc3 14. bxc3 a4 15. Bc2 Bxc2 16. Qxc2 Nc4 17. e4 Qa5 18. e5 Qd5 19. Nd2 Nxd2 20.
Qxd2 b5 21. Bg5 f6 22. exf6 exf6 23. Bh6 Rf7 24. Bxg7 Kxg7 25. Qf4 Qxa2 26. c4 bxc4 27. Re6 Rc8 28. Rce1 c3 29. Rxf6 Rxf6 30. Re7+ Rf7 31. Qe5+ Kg8 0-1

[Event "*** Titled Tuesday 3|2 Blitz"]
[Site "Chess.com"]
[Date "2017.05.02"]
[Round "5"]
[White "GamayevOleg"]
[Black "vpantev"]
[Result "1/2-1/2"]
[WhiteElo "2419"]
[BlackElo "2457"]
[TimeControl "180+2"]
[EndTime "14:02:15 PDT"]
[Termination "Game drawn - insufficient material"]

1. d3 d5 2. e4 dxe4 3. dxe4 Qxd1+ 4. Kxd1 e5 5. Nf3 f6 6. Nfd2 Nc6 7. c3 Bc5 8. f3 h5 9. Nb3 Bb6 10. a4 a5 11. N1d2 Nh6 12. Kc2 Be3 13. Bc4 Nf7 14. Re1 Bh6 15. Nc5 Nd6 16. Be6 b6 17. Bd5 Bd7 18. Nxd7 Kxd7 19. Bxc6+ Kxc6 20. b3 Bxd2 21. Bxd2 g6 22. Be3 Rad8 23. Rad1 Rhe8 24. Rd5 Nc8 25.
Red1 Rxd5 26. exd5+ Kd7 27. c4 Nd6 28. h3 f5 29. Kd3 f4 30. Bg1 e4+ 31. fxe4 Rxe4 32. Rf1 g5 33. h4 g4 34. c5 bxc5 35. Bxc5 Re5 36. Bxd6 Kxd6 37. Rxf4 Kxd5 38. b4 axb4 39. Rxb4 Re1 40. Rf4 Rg1 41. Rf5+ Kd6 42. Rxh5 Rxg2 43. Rg5 g3 44. h5 Rg1 45. h6 g2 46. h7 Rh1 47.
Rxg2 Rxh7 48. Kc3 Kc5 49. Rg5+ Kb6 50. Kb3 Rh3+ 51. Kb4 Rh4+ 52. Kb3 c5 53. Rg6+ Ka5 54. Rc6 Rb4+ 55. Kc3 Rxa4 56. Rxc5+ Kb6 57. Rc4 Rxc4+ 58. Kxc4 1/2-1/2

[Event "*** Titled Tuesday 3|2 Blitz"]
[Site "Chess.com"]
[Date "2017.05.02"]
[Round "5"]
[White "sorito"]
[Black "Hikaru"]
[Result "0-1"]
[WhiteElo "2387"]
[BlackElo "2869"]
[TimeControl "180+2"]
[EndTime "14:02:20 PDT"]
[Termination "Hikaru won by resignation"]

1. d4 f5 2. Nf3 Nf6 3. g3 g6 4.
Bg2 Bg7 5. b3 d6 6. Bb2 O-O 7.
Nbd2 a5 8. a3 c6 9. O-O Qc7 10. c4 Re8 11. Qc2 e5 12. dxe5 dxe5 13. e4 fxe4 14. Ng5 Bf5 15. Ngxe4 Nbd7 16. b4 axb4 17.
axb4 Rad8 18. Rfe1 Nb6 19. Qb3 Be6 20. Bc3 Nxe4 21.
Rxe4 Qf7 22. Rae1 Bf5 23. R4e2 Bd3 24. Re3 Bh6 25. Rxe5 Rxe5 26. Rxe5 Bxd2 27. Bxd2 Nxc4 28. Qc3 Nxe5 29. Qxe5 Bc4 30. Qg5 Rd7 31. h4 Qf5 32. Qe3 Qe6 33. Qc3 Bd5 34. Bf1 Qe4 35. f3 Qxf3 36.
Qxf3 Bxf3 37. Be3 Be4 38. Bh3 Bf5 39. g4 Be6 40. Kf2 h5 0-1

[Event "*** Titled Tuesday 3|2 Blitz"]
[Site "Chess.com"]
[Date "2017.05.02"]
[Round "5"]
[White "supertfc"]
[Black "grzechu96"]
[Result "0-1"]
[WhiteElo "2332"]
[BlackElo "2384"]
[TimeControl "180+2"]
[EndTime "14:02:25 PDT"]
[Termination "grzechu96 won by resignation"]

1. e4 c5 2. Nf3 d6 3. d4 cxd4 4.
Nxd4 Nf6 5. Nc3 a6 6. Nb3 Nc6 7. Bg5 e6 8. Qd2 b5 9. f3 Bb7 10. O-O-O Be7 11. h4 O-O 12. g4 Rc8 13. Kb1 Ne5 14.
Rh3 b4 15. Ne2 Nxf3 16. Rxf3 Nxe4 17. Qe3 Nxg5 18. hxg5 Bxg5 19. Qf2 Bxf3 20. Qxf3 a5 21. Nbd4 d5 22. Nc1 Qc7 23. Bd3 h6 24. Nce2 a4 25. c3 e5 26. Nb5 e4 27. Qf2 Qb8 0-1

[Event "*** Titled Tuesday 3|2 Blitz"]
[Site "Chess.com"]
[Date "2017.05.02"]
[Round "5"]
[White "GM_Huschenbeth"]
[Black "Kozok"]
[Result "1-0"]
[WhiteElo "2344"]
[BlackElo "2226"]
[TimeControl "180+2"]
[EndTime "14:02:33 PDT"]
[Termination "GM_Huschenbeth won by checkmate"]

1. e4 c5 2. Nf3 e6 3. d4 cxd4 4. Nxd4 a6 5. Bd3 g6 6. O-O Bg7 7. Be3 Ne7 8. Nd2 d5 9. c3 O-O 10. N2b3 Nbc6 11. Qe2 Ne5 12. Rad1 b5 13. Bb1 Bb7 14. Nc5 Qc7 15. Nxb7 Qxb7 16. Bc1 Rad8 17. f4 N5c6 18. e5 Nxd4 19. cxd4 Rc8 20. g4 Rc4 21. b3 Rc3 22. Bd2 Rc6 23. Kh1 Rfc8 24. Rg1 a5 25. h4 a4 26. h5 f5 27. exf6 Bxf6 28. Bb4 Kh8 29. g5 Bxd4 30. Rxd4 Nf5 31. Bxf5 gxf5 32. h6 axb3 33. Qe5+ Kg8 34. g6 Rc1 35. Qxe6+ Kh8 36. g7+ Qxg7 37. hxg7# 1-0

[Event "*** Titled Tuesday 3|2 Blitz"]
[Site "Chess.com"]
[Date "2017.05.02"]
[Round "5"]
[White "BigMak2500"]
[Black "Alexander_Donchenko"]
[Result "0-1"]
[WhiteElo "2388"]
[BlackElo "2511"]
[TimeControl "180+2"]
[EndTime "14:02:43 PDT"]
[Termination "Alexander_Donchenko won on time"]

1. d4 Nf6 2. c4 e6 3. Nf3 c5 4. d5 d6 5. Nc3 exd5 6. cxd5 g6 7. Bf4 Bg7 8. h3 O-O 9. e3 Na6 10. Be2 Nc7 11. a4 a6 12. a5 Rb8 13.
O-O Re8 14. Ra4 b5 15. axb6 Rxb6 16. Ra2 Ne4 17. Nxe4 Rxe4 18. Nd2 Rxf4 19. exf4 Rxb2 20. Rxb2 Bxb2 21. Nc4 Bd4 22. Qb3 Nxd5 23. Qb8 Nxf4 24.
Bf3 Kg7 25. Bb7 Qg5 26. Qxc8 d5 27. Qg4 Qxg4 28. hxg4 dxc4 29. Bxa6 c3 0-1